 Dungeon Crawl Stone Soup version 0.19.0 (webtiles) character file.

117647 Neverdly the Slicer (level 16, -10/127 HPs)
             Began as a Demonspawn Berserker on Nov 18, 2016.
             Was the Champion of Trog.
             Shot with an arrow by a deep elf archer (19 damage)
             ... on level 1 of the Elven Halls.
             The game lasted 01:42:27 (27424 turns).

Neverdly the Slicer (Demonspawn Berserker)         Turns: 27424, Time: 01:42:27

Health: -10/127    AC: 28    Str: 32    XL:     16   Next: 23%
Magic:  17/17      EV: 13    Int:  8    God:    Trog [******]
Gold:   2673       SH: 13    Dex: 14    Spells: 0 memorised, 15 levels left

rFire  . . .     SeeInvis +     a - +8 rapier of the Hidden Ships {drain, rPois Int-5 SInv}
rCold  + . .     Gourm    .     r - +8 chain mail of Indecent Exposure {MR- Str+2 Dex+2}
rNeg   . . .     Faith    .     B - +0 buckler
rPois  +         Spirit   .     U - +2 hat
rElec  +         Reflect  +     l - +0 cloak
rCorr  +         Harm     .     R - +2 pair of gloves
MR     +....                    y - +0 pair of boots
Stlth  ..........               A - +6 amulet of reflection
                                v - +4 ring of dexterity
                                i - +5 ring of strength

@: slowed, very slow
A: hooves 2, horns 2, yellow scales 3, blink, clever 2, clumsy 2, cold
resistance 1, deformed body, high mp 1, magic resistance 1, electricity
resistance, spiny 3
a: Blink, Berserk, Trog's Hand, Brothers in Arms, Burn Spellbooks, Renounce
Religion


You were on level 1 of the Elven Halls.
You worshipped Trog.
Trog was exalted by your worship.
You were not hungry.

You visited 5 branches of the dungeon, and saw 25 of its levels.
You also visited: Volcano.

You collected 2673 gold pieces.

Inventory:

Hand Weapons
 a - the +8 rapier of the Hidden Ships (weapon) {drain, rPois Int-5 SInv}
   (You found it on level 4 of the Dungeon)

   A truly terrible weapon, it drains the life of those it strikes.
   It affects your intelligence (-5).
   It protects you from poison.
   It lets you see invisible.
 b - a +3 hunting sling of velocity
 j - the +1 dagger "Fauliergh" {protect, rC+}
   (Trog gifted it to you on level 6 of the Lair of Beasts)

   It protects the one who uses it against injury (+AC on strike).
   It protects you from cold.
 k - a +8 quick blade
 x - a +2 antimagic rapier
Missiles
 h - 18 tomahawks (quivered)
 p - 309 sling bullets
Armour
 d - a +0 plate armour of poison resistance
 l - a +0 cloak (worn)
 r - the +8 chain mail of Indecent Exposure (worn) {MR- Str+2 Dex+2}
   (You found it on level 9 of the Dungeon)

   It affects your strength (+2).
   It affects your dexterity (+2).
   It affects your resistance to hostile enchantments.
 y - a +0 pair of boots (worn)
 B - a +0 buckler (worn)
 R - a +2 pair of gloves (worn)
 S - a +2 scale mail of fire resistance
 U - a +2 hat (worn)
 V - a +2 chain mail of cold resistance
Jewellery
 i - a +5 ring of strength (left hand)
 o - an uncursed ring of protection from fire
 v - a +4 ring of dexterity (right hand)
 A - a +6 amulet of reflection (around neck)
 H - an uncursed amulet of magic regeneration
 W - an uncursed ring of stealth
Wands
 e - a wand of lightning (0/15)
 J - a wand of teleportation (2/9)
 O - a wand of iceblast (6/15)
 P - a wand of digging (9/24)
Scrolls
 g - 8 scrolls of remove curse
 n - 6 scrolls of recharging
 q - a scroll of summoning
 s - 3 scrolls of enchant weapon
 t - 6 scrolls of teleportation
 u - a scroll of fear
 G - a scroll of identify
 I - 2 scrolls of immolation
 L - a scroll of enchant armour
 M - 3 scrolls of blinking
 T - a scroll of fog
Potions
 f - a potion of invisibility
 m - a potion of might
 z - 3 potions of lignification
 D - 6 potions of curing
 E - a potion of flight
 F - 5 potions of haste
 K - a potion of agility
 N - a potion of brilliance
 X - a potion of cure mutation
 Z - 2 potions of resistance
Miscellaneous
 C - a phial of floods
Comestibles
 c - 8 bread rations
 w - 3 royal jellies


   Skills:
 + Level 11.8 Fighting
 + Level 14.8 Short Blades
   Level 4.0 Maces & Flails
   Level 3.0 Polearms
 + Level 1.5(2.3) Slings
 + Level 2.6(2.9) Throwing
 + Level 11.3 Armour
 + Level 6.9 Dodging
 + Level 2.6 Stealth
 * Level 14.0 Shields


You had 15 spell levels left.
You didn't know any spells.

Dungeon Overview and Level Annotations

Branches:
Dungeon (15/15)            Temple (0/1) D:6            Lair (6/6) D:10
  Swamp (0/4) Lair:4        Snake (1/4) Lair:3        Slime (0/5) Lair:6
    Orc (2/2) D:12            Elf (1/3) Orc:2        Vaults (0/5) D:14
 Depths (0/5) D:15

Altars:
Kikubaaqudgha
Makhleb
Okawaru
Qazlal
Ru
Beogh
Jiyva

Shops:
D:5 *(   D:6 [   D:7 *   D:12 ([   Orc:2 ((**

Annotations:
Snake:1 Aizul


Innate Abilities, Weirdness & Mutations

You have a pair of horns on your head.
You are completely covered in yellow scales. (AC +4, rCorr)
Your flesh is cold resistant. (rC+)
You are completely covered in sharp spines.
You have hoof-like feet.
You can translocate small distances at will.
Your mind is very acute. (Int +4)
You are very clumsy. (Dex -4)
Armour fits poorly on your strangely shaped body.
You have an increased reservoir of magic. (+10% MP)
You are resistant to hostile enchantments. (MR+)
You are resistant to electric shocks. (rElec)


Message History

You feel as though you will be slow longer.
You see here 2 arrows.
Your surroundings suddenly seem different.
What are your orders? t - Shout!
Orders for allies: a - Attack new target. r - Retreat! s - Stop attacking. g - Guard the area. f - Follow me.
Anything else - Cancel.
Okay, then.
You start resting.
The deep elf archer shoots an arrow.
You reflect the arrow off an invisible shield around you!
The arrow is repelled.
The deep elf archer shoots an arrow.
The arrow hits you!
* * * LOW HITPOINT WARNING * * *
Unknown command.
You feel better.
The deep elf archer shoots an arrow.
The arrow closely misses you.
The deep elf archer shoots an arrow.
The arrow hits you!!
You die...

#..### ###....#..........#
#..^###((##.###.....##### #
#...(()[..(## ##........#
..####(.(####.e#.###.##.......
#..............##.#..##......#
.....................#......).
#............#.###.#.#.......#
#.####(..#####.###.#........>#
. #...(...@.(.............#
#..[#####(##.##.........#
#...# #.......#.......# .##.##
####.#.##........ ##.#..
#.##..###.......# ##.#.
.#.###.##.......# #. .# # #.##
.#.......# #. ## ##
....###....# .. .... #....##


You could see a deep elf archer.

Vanquished Creatures
  An orc warlord (Orc:1)
  A deep elf sorcerer (Elf:1)
  The ghost of spsoon the Bewitcher, a journeyman SpEn of Gozag (Orc:2)
  An ettin (Orc:1)
  Erolcha (Orc:1)
  The ghost of Kaishin the Eclecticist, a journeyman SpEn of Sif Muna (Volcano)
  4 vault guards (D:14)
  2 hydras
  A catoblepas (Lair:3)
  12 death yaks
  4 centaur warriors
  A tengu warrior (D:14)
  An ogre mage (D:15)
  A dancing weapon (Elf:1)
  A shock serpent (Snake:1)
  Urug (Lair:5)
  5 orc high priests
  Nergalle (Lair:1)
  Sonja (D:11)
  A fire crab (shapeshifter) (D:15)
  7 deep elf knights (Elf:1)
  2 unseen horrors (D:10)
  A glowing orange brain (D:15)
  A wizard (D:10)
  A deep elf archer (Elf:1)
  A wolf spider zombie (D:14)
  8 orc knights
  A swamp dragon (shapeshifter) (D:15)
  7 hill giants
  20 ugly things
  8 orc sorcerers
  4 cyclopes
  8 deep elf magi (Elf:1)
  7 black mambas
  10 elephants (Lair:6)
  Joseph (D:7)
  5 centaur skeletons
  9 spiny frogs
  3 torpor snails
  3 gargoyles
  An efreet (Volcano)
  A kobold demonologist (D:13)
  2 rime drakes
  A tengu conjurer (D:15)
  9 trolls
  8 komodo dragons
  7 hornets
  4 polar bears
  32 blink frogs
  A jumping spider (shapeshifter) (D:15)
  5 slime creatures (D:15)
  4 two-headed ogres
  13 hippogriffs
  An air elemental (Elf:1)
  Sigmund (D:4)
  13 spriggans (Lair:6)
  2 vampires
  20 yaks
  2 water elementals (Elf:1)
  2 wyverns
  3 basilisks
  A human (shapeshifter) (D:15)
  3 fire elementals
  2 hungry ghosts
  3 vampire mosquitoes (D:12)
  A mottled dragon (D:12)
  3 nagas (Lair:3)
  A soldier ant (D:9)
  18 water moccasins
  11 porcupines
  14 ice beasts
  32 orc warriors
  18 ogres
  A sky beast (D:7)
  7 black bears
  A necrophage (D:12)
  3 boggarts (Lair:6)
  25 wolves
  17 centaurs
  18 crocodiles
  4 big kobolds
  21 bullfrogs
  3 earth elementals (Volcano)
  6 scorpions
  3 wights (D:14)
  12 killer bees
  2 electric eels (Lair:3)
  7 crimson imps
  9 centaur zombies
  2 quasits (D:7)
  3 bullfrog zombies
  3 hounds
  5 bullfrog skeletons
  26 orc priests
  A jelly (D:11)
  24 orc wizards
  14 two-headed ogre zombies (Orc:1)
  2 iguanas
  11 worker ants
  A killer bee zombie (D:6)
  2 hound zombies (D:5)
  A hound skeleton (D:10)
  12 adders
  4 shadow imps
  A worm (D:3)
  8 leopard geckos
  103 orcs
  13 bats
  A giant cockroach (D:6)
  5 goblins
  7 hobgoblins
  7 quokkas
  A ball python skeleton (D:4)
  6 frilled lizards
  2 jackal skeletons
  12 kobolds
  4 rats
  2 bushes (Lair:6)
  A plant (Lair:3)
811 creatures vanquished.

Vanquished Creatures (collateral kills)
  An orc knight (Orc:2)
1 creature vanquished.

Vanquished Creatures (others)
  A deep elf knight (Elf:1)
  A hornet (shapeshifter) (D:15)
  A centaur (D:15)
  An orc priest (Orc:2)
  2 orcs (Orc:2)
  A butterfly (Lair:3)
  13 fungi
  3 plants
23 creatures vanquished.

Grand Total: 835 creatures vanquished

Notes
Turn   | Place    | Note
-------+----------+-------------------------------------------
     0 | D:1      | Neverdly the Demonspawn Berserker began the quest for the Orb.
     0 | D:1      | Reached XP level 1. HP: 18/18 MP: 1/1
   399 | D:1      | Gained mutation: You have a pair of small horns on your head. [demonic ancestry]
   399 | D:1      | Reached XP level 2. HP: 24/24 MP: 2/2
  1154 | D:2      | Gained mutation: You are partially covered in yellow scales. (AC +2) [demonic ancestry]
  1154 | D:2      | Reached XP level 3. HP: 29/29 MP: 3/3
  1158 | D:2      | Reached ** piety under Trog
  1210 | D:2      | Reached skill level 1 in Maces & Flails
  1211 | D:2      | Gained mutation: You are partially covered in sharp spines. [demonic ancestry]
  1211 | D:2      | Reached XP level 4. HP: 37/37 MP: 4/4
  1859 | D:3      | Gained mutation: You are mostly covered in yellow scales. (AC +3) [demonic ancestry]
  1859 | D:3      | Reached XP level 5. HP: 42/42 MP: 5/5
  2012 | D:4      | Got a twisted rapier
  2013 | D:4      | Identified the +8 rapier of the Hidden Ships {drain, rPois Int-5 SInv} (You found it on level 4 of the Dungeon)
  2022 | D:4      | Noticed an ogre
  2028 | D:4      | Killed an ogre
  2185 | D:4      | Noticed Sigmund
  2206 | D:4      | Killed Sigmund
  2206 | D:4      | Reached XP level 6. HP: 45/48 MP: 6/6
  2308 | D:4      | Reached *** piety under Trog
  2313 | D:4      | Reached skill level 1 in Short Blades
  2313 | D:4      | Reached XP level 7. HP: 54/54 MP: 7/7
  2997 | D:5      | Entered Level 5 of the Dungeon
  3001 | D:4      | Reached skill level 1 in Stealth
  3211 | D:5      | Found Ostroteos's Assorted Antiques.
  3471 | D:5      | Found an iron altar of Okawaru.
  3558 | D:5      | Found Leiskixt's Antique Weapon Boutique.
  3694 | D:6      | Gained mutation: You are mostly covered in sharp spines. [demonic ancestry]
  3694 | D:6      | Reached XP level 8. HP: 30/61 MP: 8/8
  3902 | D:6      | Found a staircase to the Ecumenical Temple.
  3949 | D:6      | Reached skill level 1 in Shields
  3969 | D:6      | Reached **** piety under Trog
  3974 | D:6      | Found a burning altar of Makhleb.
  4087 | D:6      | Found Zoiza's Antique Armour Emporium.
  4572 | D:7      | Reached skill level 5 in Armour
  4576 | D:7      | Gained mutation: Scrolls take you a little longer to read. [mutagenic meat]
  4595 | D:7      | Found a sacrificial altar of Ru.
  4621 | D:7      | Found Nooriant's Assorted Antiques.
  4662 | D:7      | Found an ancient bone altar of Kikubaaqudgha.
  4792 | D:7      | Noticed Joseph
  4810 | D:7      | Killed Joseph
  4810 | D:7      | Reached skill level 5 in Fighting
  4810 | D:7      | Reached skill level 5 in Short Blades
  4810 | D:7      | Gained mutation: You have a pair of horns on your head. [demonic ancestry]
  4810 | D:7      | Reached XP level 9. HP: 45/68 MP: 9/9
  5353 | D:8      | Lost mutation: Scrolls take you a little longer to read. [potion of cure mutation]
  5356 | D:8      | Gained mutation: Your muscles are strong. (Str +2) [potion of mutation]
  5356 | D:8      | Gained mutation: You expend magic power (3 MP) to strengthen your wands. [potion of mutation]
  5356 | D:8      | Gained mutation: Your muscles are very strong. (Str +4) [potion of mutation]
  5619 | D:8      | Found a stormy altar of Qazlal.
  5857 | D:8      | Gained mutation: Your flesh is cold resistant. (rC+) [demonic ancestry]
  5857 | D:8      | Reached XP level 10. HP: 76/76 MP: 10/10
  6228 | D:9      | Got an encrusted chain mail
  6229 | D:9      | Identified the +8 chain mail of Indecent Exposure {MR- Str+2 Dex+2} (You found it on level 9 of the Dungeon)
  6435 | D:9      | Noticed a hill giant
  6447 | D:9      | Killed a hill giant
  6447 | D:9      | Reached skill level 5 in Shields
  6561 | D:10     | Entered Level 10 of the Dungeon
  6728 | D:10     | Noticed a wizard
  6741 | D:10     | Killed a wizard
  6870 | D:10     | Reached ***** piety under Trog
  7028 | D:10     | Reached XP level 11. HP: 83/83 MP: 11/11
  7088 | D:10     | Noticed an unseen horror
  7097 | D:10     | Killed an unseen horror
  7164 | D:10     | Found a staircase to the Lair.
  7551 | D:11     | Noticed a cyan ugly thing
  7573 | D:10     | Killed a cyan ugly thing
  7673 | D:11     | Noticed Sonja
  7783 | D:11     | Reached skill level 10 in Short Blades
  7785 | D:11     | Killed Sonja
  8068 | D:11     | Noticed a hill giant
  8077 | D:11     | Killed a hill giant
  8583 | D:12     | Found Ytudgh's Armour Shoppe.
  8586 | D:12     | Found a staircase to the Orcish Mines.
  8590 | D:12     | Found Fuytt's Weapon Shoppe.
  8598 | D:12     | Reached skill level 5 in Dodging
  8691 | D:12     | Found a stormy altar of Qazlal.
  9294 | D:12     | Noticed a hill giant
  9300 | D:12     | Killed a hill giant
  9927 | D:13     | Received a gift from Trog
  9996 | D:13     | Noticed a white ugly thing
 10007 | D:13     | Killed a red ugly thing
 10007 | D:13     | Reached skill level 1 in Slings
 10007 | D:13     | Reached XP level 12. HP: 84/92 MP: 12/12
 10013 | D:13     | Gained mutation: Your mind is acute. (Int +2) [mutagenic meat]
 10015 | D:13     | Gained mutation: Your mind is very acute. (Int +4) [mutagenic meat]
 10116 | D:13     | Noticed a centaur warrior
 10125 | D:13     | Killed a centaur warrior
 10289 | D:13     | Noticed a centaur warrior
 10302 | D:13     | Killed a centaur warrior
 11588 | D:14     | Reached ****** piety under Trog
 11835 | D:14     | Found a gate to the Vaults.
 11835 | D:14     | Noticed a vault guard
 11835 | D:14     | Noticed a vault guard
 11835 | D:14     | Noticed a vault guard
 11835 | D:14     | Noticed a vault guard
 11872 | D:14     | Received a gift from Trog
 11892 | D:14     | Gained mutation: You possess an exceptional clarity of mind. [mutagenic meat]
 11894 | D:14     | Lost mutation: You possess an exceptional clarity of mind. [mutagenic meat]
 11895 | D:14     | Lost mutation: You expend magic power (3 MP) to strengthen your wands. [mutagenic meat]
 11896 | D:14     | Gained mutation: You are frail. (-10% HP) [mutagenic meat]
 11897 | D:14     | Lost mutation: You are frail. (-10% HP) [mutagenic meat]
 11898 | D:14     | Gained mutation: You possess an exceptional clarity of mind. [mutagenic meat]
 11899 | D:14     | Gained mutation: You are resistant to hostile enchantments. (MR+) [mutagenic meat]
 12085 | D:14     | Killed a vault guard
 12095 | D:14     | Killed a vault guard
 12095 | D:14     | Reached XP level 13. HP: 62/99 MP: 13/13
 12567 | D:15     | Entered Level 15 of the Dungeon
 12690 | D:15     | Received a gift from Trog
 12879 | D:15     | Gained mutation: Armour fits poorly on your strangely shaped body. [mutagenic meat]
 12881 | D:15     | Gained mutation: You are resistant to electric shocks. (rElec) [mutagenic meat]
 12882 | D:15     | Lost mutation: Your muscles are very strong. (Str +4) [mutagenic meat]
 13254 | D:15     | Found a staircase to the Depths.
 13560 | D:15     | Lost mutation: Your muscles are strong. (Str +2) [mutagenic meat]
 13561 | D:15     | Lost mutation: You possess an exceptional clarity of mind. [mutagenic meat]
 13562 | D:15     | Gained mutation: You are clumsy. (Dex -2) [mutagenic meat]
 13563 | D:15     | Gained mutation: You have large cloven feet. [mutagenic meat]
 13564 | D:15     | Gained mutation: You are very clumsy. (Dex -4) [mutagenic meat]
 13565 | D:15     | Gained mutation: You have an increased reservoir of magic. (+10% MP) [mutagenic meat]
 13566 | D:15     | Gained mutation: You can translocate small distances at will. [mutagenic meat]
 13733 | D:15     | Received a gift from Trog
 13764 | D:15     | Gained mutation: You evolve. [mutagenic meat]
 14242 | D:15     | Reached skill level 10 in Shields
 14470 | Lair:1   | Entered Level 1 of the Lair of Beasts
 14553 | Lair:1   | Received a gift from Trog
 14652 | Lair:1   | Reached XP level 14. HP: 109/109 MP: 15/15
 14903 | Lair:1   | Noticed Nergalle
 14917 | Lair:1   | Killed Nergalle
 16078 | Lair:3   | Reached skill level 10 in Fighting
 16859 | Lair:3   | Found a staircase to the Snake Pit.
 17201 | Lair:4   | Reached skill level 1 in Throwing
 17255 | Lair:4   | Reached skill level 10 in Armour
 17364 | Lair:4   | Gained mutation: You have hoof-like feet. [evolution]
 17364 | Lair:4   | Lost mutation: You evolve. [end of evolution]
 17502 | Lair:4   | Found a staircase to the Swamp.
 17648 | Lair:4   | Received a gift from Trog
 18232 | Lair:5   | Noticed Urug
 18253 | Lair:5   | Killed Urug
 19149 | Lair:6   | Entered Level 6 of the Lair of Beasts
 20028 | Lair:6   | Gained mutation: You are completely covered in sharp spines. [demonic ancestry]
 20028 | Lair:6   | Reached XP level 15. HP: 117/117 MP: 16/16
 20073 | Lair:6   | Received a gift from Trog
 20080 | Lair:6   | Got a steaming dagger {god gift}
 20088 | Lair:6   | Identified the +1 dagger "Fauliergh" {protect, rC+} (Trog gifted it to you on level 6 of the Lair of Beasts)
 20934 | Lair:6   | Found a staircase to the Slime Pits.
 20934 | Lair:6   | Found a viscous altar of Jiyva.
 22012 | Snake:1  | Entered Level 1 of the Snake Pit
 22015 | Snake:1  | Noticed Aizul
 22230 | Orc:1    | Entered Level 1 of the Orcish Mines
 22232 | Orc:1    | Found a roughly hewn altar of Beogh.
 22510 | Orc:1    | Received a gift from Trog
 22793 | Orc:1    | Found a roughly hewn altar of Beogh.
 23508 | Orc:1    | Noticed Erolcha
 23534 | Orc:1    | Killed Erolcha
 23769 | Orc:2    | Entered Level 2 of the Orcish Mines
 23771 | Orc:2    | Found a dark tunnel.
 23788 | Volcano  | Entered a volcano
 23788 | Volcano  | Noticed Kaishin's ghost (journeyman SpEn)
 23810 | Volcano  | Received a gift from Trog
 23830 | Volcano  | Killed Kaishin's ghost
 23943 | Orc:2    | Noticed spsoon's ghost (journeyman SpEn)
 23968 | Orc:2    | Killed spsoon's ghost
 24064 | Orc:2    | Noticed an orc warlord
 24311 | Orc:1    | Killed an orc warlord
 24322 | Orc:2    | Received a gift from Trog
 24596 | Orc:2    | Found a staircase to the Elven Halls.
 24935 | Orc:2    | Found a runed door.
 25535 | Orc:2    | Paralysed by an orc sorcerer for 2 turns
 25548 | Orc:2    | Received a gift from Trog
 25750 | Orc:2    | Found Zagh's Weapon Boutique.
 25750 | Orc:2    | Found Jaxudeon's Assorted Antiques.
 25753 | Orc:2    | Found Esyonemu's Antique Weapon Boutique.
 25753 | Orc:2    | Found Egic's Assorted Antiques.
 26235 | Orc:2    | Gained mutation: You are completely covered in yellow scales. (AC +4, rCorr) [demonic ancestry]
 26235 | Orc:2    | Reached XP level 16. HP: 126/126 MP: 17/17
 26251 | Orc:2    | Found a roughly hewn altar of Beogh.
 26318 | Elf:1    | Entered Level 1 of the Elven Halls
 27376 | Elf:1    | Received a gift from Trog
 27421 | Elf:1    | HP: 2/127 [deep elf archer/arrow (11)]
 27424 | Elf:1    | Shot with an arrow by a deep elf archer

Skill      XL: |  1  2  3  4  5  6  7  8  9 10 11 12 13 14 15 16 |
---------------+-------------------------------------------------+-----
Dodging        | 2 3 4 5 6 |  6.9
Polearms       | 3 |  3.0
Armour         | 2 3 4 5 6 7 8 9 10 11 | 11.3
Maces & Flails | 1 3 4 |  4.0
Fighting       | 4 5 6 7 8 9 10 11 | 11.8
Short Blades   | 1 3 5 7 9 10 12 13 14 | 14.8
Stealth        | 1 2 |  2.6
Shields        | 2 4 5 7 8 10 11 13 14 | 14.0
Slings         | 1 |  1.5
Throwing       | 2 |  2.6

Action                   |  1- 3 |  4- 6 |  7- 9 | 10-12 | 13-15 | 16-18 || total
-------------------------+-------+-------+-------+-------+-------+-------++-------
Melee: Spear             |    21 |       |       |       |       |       ||    21
       Mace              |    73 |    39 |       |       |       |       ||   112
       Headbutt          |     8 |    17 |    40 |   164 |   453 |    50 ||   732
       Rapier            |       |    16 |   176 |   466 |  1415 |   162 ||  2235
       Quick blade       |       |       |       |       |   136 |       ||   136
 Fire: Hunting sling     |       |       |       |     3 |       |       ||     3
Throw: Tomahawk          |       |       |       |     4 |    37 |     5 ||    46
Invok: Burn Spellbooks   |       |       |       |       |     1 |       ||     1
       Brothers in Arms  |       |       |       |       |     2 |     1 ||     3
       Trog's Hand       |       |       |       |       |     1 |       ||     1
 Abil: Blink             |       |       |       |       |     2 |       ||     2
  Use: Scroll            |     5 |     2 |     2 |    16 |    17 |     2 ||    44
       Potion            |       |     1 |    10 |     3 |    10 |     1 ||    25
 Stab: Paralysed         |       |       |     1 |       |       |       ||     1
  Eat: Pizza             |       |     1 |       |       |       |       ||     1
       Bread ration      |       |     1 |       |       |       |     1 ||     2
       Beef jerky        |       |       |     2 |     4 |     1 |       ||     7
       Meat ration       |       |       |     2 |     1 |     4 |       ||     7
       Chunk             |       |       |     1 |    13 |    16 |       ||    30
       Fruit             |       |       |       |     5 |    11 |       ||    16
       Royal jelly       |       |       |       |     2 |     4 |       ||     6
Armor: Animal skin       |    17 |       |       |       |       |       ||    17
       Chain mail        |    97 |    24 |   109 |   186 |   409 |    60 ||   885
       Plate armour      |       |       |       |     6 |       |       ||     6
       Skin              |       |       |       |       |     5 |       ||     5
Dodge: Dodged            |    84 |    31 |    92 |   191 |   391 |    39 ||   828
Block: Buckler           |       |       |    38 |   100 |   650 |    87 ||   875
       Reflection        |       |       |       |       |    19 |    15 ||    34
